AoeStats
← Agez

Arabia

504881573Analyzed
3v3 RM · 25d ago on Sep 6, 2026· 39m 4s· 6 players
Game mode
Random Map
Map size
Normal (6 player)
Population
200
Speed
Normal
Resources
Standard
Victory
Conquest
Starting age
Dark Age
Ending age
Imperial Age
RankedLock teamsTeams togetherTeam positionsShared explorationLock speedFull tech treeHidden civsTurbo modeCheats
Victory
Defeat
🇦🇷 Ethiopians · Argentina
1119
+11
🇦🇷 Vietnamese · Argentina
1072
+13
🇦🇷 Franks · Argentina
973
+17
🇨🇦 Wu · Canada
1018
-14
🇨🇱 Persians · Chile
1000
-14
🇨🇴 Ethiopians · Colombia
996
-13
XITRO
11:01 Feudal Age
15:53 Castle Age
15:30 Double-Bit Axe
20:36 Horse Collar
21:39 Wheelbarrow
20:51 Loom
28:46 Heavy Plow
32:27 Bow Saw
33:29 Gold Mining
33:38 Stone Mining
38:02 Masonry
38:13 Ballistics
PifPaf
2:40 Loom
10:59 Feudal Age
17:04 Fletching
20:37 Castle Age
20:42 Crossbowman
21:47 Bodkin Arrow
23:53 Double-Bit Axe
23:51 Horse Collar
28:39 Ballistics
29:53 Bow Saw
36:11 Imperial Age
34:07 Padded Archer Armor
36:31 Arbalester
37:44 Bracer
drampf
10:27 Feudal Age
15:15 Castle Age
29:12 Imperial Age
31:23 Fletching
Agez
7:16 Loom
9:51 Feudal Age
10:34 Double-Bit Axe
17:14 Forging
18:20 Wheelbarrow
21:50 Castle Age
20:18 Gold Mining
21:08 Scale Barding Armor
24:26 Bow Saw
24:24 Husbandry
25:20 Gold Shaft Mining
24:40 Stone Mining
27:21 Iron Casting
27:57 Chain Barding Armor
35:34 Imperial Age
35:44 Cavalier
37:27 Blast Furnace
37:26 Plate Barding Armor
37:11 Paladin
ElOlorosopitt
0:59 Loom
10:11 Feudal Age
11:00 Double-Bit Axe
12:58 Horse Collar
15:07 Fletching
19:03 Wheelbarrow
22:15 Castle Age
20:35 Gold Mining
21:38 Padded Archer Armor
22:31 Crossbowman
23:08 Bodkin Arrow
23:28 Thumb Ring
24:28 Bow Saw
24:21 Heavy Plow
25:47 Leather Archer Armor
29:25 Hand Cart
31:52 Imperial Age
29:48 Stone Mining
30:39 Gold Shaft Mining
31:38 Forging
31:29 Scale Mail Armor
32:02 Elite Shotel Warrior
33:53 Chain Mail Armor
34:07 Arson
34:24 Squires
35:57 Iron Casting
36:43 Plate Mail Armor
Ivanlamo01
7:34 Loom
10:02 Feudal Age
10:59 Double-Bit Axe
13:37 Horse Collar
14:58 Fletching
22:11 Castle Age
20:20 Padded Archer Armor
21:09 Gold Mining
22:25 Stone Mining
22:14 Crossbowman
23:03 Bodkin Arrow
23:23 Leather Archer Armor
23:52 Heavy Plow
26:02 Thumb Ring
28:22 Stone Shaft Mining
29:42 Wheelbarrow
34:44 Imperial Age
33:12 Ballistics
34:39 Forging
34:36 Scale Barding Armor
35:51 Chatras
35:48 Elite Battle Elephant
37:36 Iron Casting
39:48 Chain Barding Armor
Connection lost

Rejoining the realm…

Still unreachable

The connection could not be restored.

Session expired

The server has moved on; the page needs a fresh start.